 Dungeon Crawl Stone Soup version 0.25-a0-404-gc1b5a34292 (webtiles) character file.

Game seed: 947745301081031843, levelgen mode: deterministic

49 Jerej03 the Gusty (level 3, 0/26 HPs)
             Began as a Draconian Air Elementalist on Jan 11, 2020.
             Slain by a worm (10 damage)
             ... on level 2 of the Dungeon.
             The game lasted 00:07:18 (922 turns).

Jerej03 the Gusty (Draconian Air Elementalist)       Turns: 922, Time: 00:07:18

Health: 0/26       AC:  5    Str: 11    XL:     3   Next: 53%
Magic:  1/6        EV: 12    Int: 15    God:
Gold:   97         SH:  0    Dex: 11    Spells: 5/6 levels left

rFire    . . .     SeeInvis .   e - +0 hand axe
rCold    . . .     Gourm    .   (no shield)
rNeg     . . .     Faith    .   (armour unavailable)
rPois    .         Spirit   .   (helmet restricted)
rElec    .         Reflect  .   (no cloak)
rCorr    .         Harm     .   (no gloves)
MR       .....                  (no boots)
Stlth    ++........             (no amulet)
HPRegen  0.08/turn              (no ring)
MPRegen  0.10/turn              (no ring)

@: no status effects
A: unfitting armour, cold-blooded, AC +5
a: no special abilities


You were on level 2 of the Dungeon.
You were not hungry.

You visited 1 branch of the dungeon, and saw 2 of its levels.

You collected 97 gold pieces.

Inventory:

Hand Weapons
 e - a +0 hand axe (weapon)
Scrolls
 a - 2 scrolls of remove curse
 d - a scroll of enchant weapon {unknown}
Comestibles
 b - 3 rations
 c - a chunk of flesh


   Skills:
 + Level 0.3 Axes
 + Level 2.3 Dodging
 + Level 1.9 Stealth
 + Level 0.2 Unarmed Combat
 + Level 2.3 Spellcasting
 + Level 1.3 Conjurations
 + Level 3.6 Air Magic


You had 5 spell levels left.
You knew the following spells:

 Your Spells              Type           Power        Failure   Level  Hunger
a - Shock                 Conj/Air       #...         8%          1    #......

Your spell library contained the following spells:

 Spells                   Type           Power        Failure   Level  Hunger
 Swiftness                Chrm/Air       #.......     16%         2    ###....
 Static Discharge         Conj/Air       #.......     22%         3    ###....
 Airstrike                Air            ##........   43%         4    #####..
 Lightning Bolt           Conj/Air       #.........   91%         5    ######.


Dungeon Overview and Level Annotations

Branches:
Dungeon (2/15)

Altars:


Innate Abilities, Weirdness & Mutations

Your plain brown scales are hard. (AC +5)
You cannot fit into any form of body armour.
You are cold-blooded and may be slowed by cold attacks.


Message History

The worm is moderately wounded.
The frilled lizard bites you. The frilled lizard closely misses you.
The frilled lizard completely misses you.
You hit the frilled lizard.
You kill the frilled lizard!
Your magical contamination has completely faded away.
Casting: Shock (safe; 8% risk of failure)
Confirm with . or Enter, or press ? or * to list all spells.
Aiming: Shock (safe; 8% risk of failure)
Press: ? - help, Shift-Dir - straight line, f/p - worm
Aim: a worm (lightly wounded)
The zap hits the worm.
The worm is moderately wounded.
You hit the worm.
The worm is heavily wounded.
You barely miss the worm.
Your tail-slap misses the worm.
The worm is heavily wounded.
The worm bites you!
You die...

##########
##[>$..#.....##
##.............##
#....[..........#
#...............#
#$..............#
###...............#
..................#
###.....>......w@.#
##..<..........##
##...........##
######.###### #.#
#.# #.# #####.#
##..##.#


You could see a worm.

Vanquished Creatures
  An ooze (D:2)
  A worm (D:2)
  3 dart slugs
  A giant cockroach (D:1)
  7 goblins
  4 hobgoblins (D:1)
  6 jackals
  2 bats
  3 frilled lizards
  A kobold (D:1)
  4 rats
33 creatures vanquished.

Notes
Turn   | Place    | Note
-------+----------+-------------------------------------------
     0 | D:1      | Jerej03 the Draconian Air Elementalist began the quest for
                  | the Orb.
     0 | D:1      | Reached XP level 1. HP: 14/14 MP: 3/3
   169 | D:1      | Reached XP level 2. HP: 8/20 MP: 1/5
   712 | D:2      | Reached XP level 3. HP: 25/26 MP: 0/6
   922 | D:2      | Slain by a worm

Levels and vault maps discovered:
D:1:      dpeg_arrival_stonehenge_8_columns, layout_basic
D:2:      layout_rooms, tgw_trog, first_ration

Skill      XL: |  1 |
---------------+----+-----
Dodging        | 2 |  2.3
Axes           | |  0.3
Stealth        | |  1.9
Unarmed Combat | |  0.2
Spellcasting   | |  2.3
Conjurations   | |  1.3
Air Magic      | |  3.6

Action                   || total
-------------------------++-------
Melee: Unarmed           ||    46
       Tailslap          ||     5
       Hand axe          ||    33
 Cast: Shock             ||    67
  Use: Scroll            ||     4
       Potion            ||     5
  Eat: Chunk             ||     1
Armor: Skin              ||    55
Dodge: Dodged            ||   107

Table legend:
 A = Non-vault XP
 B = Vault XP
 C = Vault XP percentage of total XP
 D = Non-vault monster count
 E = Vault monster count
 F = Vault count percentage of total count
                 A         B        C        D         E       F
            +---------+---------+-------+---------+---------+-------
      Total |      71 |       0 |   0.0 |      33 |       0 |   0.0
            +---------+---------+-------+---------+---------+-------
        D:1 |      38 |       0 |   0.0 |      20 |       0 |   0.0
        D:2 |      33 |       0 |   0.0 |      13 |       0 |   0.0
            +---------+---------+-------+---------+---------+-------
